 Dungeon Crawl Stone Soup version 0.30-a0-439-g9e77e4d916 (webtiles) character file.

Game seed: 1286170178624754452

8 AigisTheKnight the Firebug (level 2, 20/20 HPs)
             Began as a Demonspawn Fire Elementalist on Dec 10, 2022.
             Quit the game on level 1 of the Dungeon.
             The game lasted 00:00:41 (397 turns).

AigisTheKnight the Firebug (DsFE)                    Turns: 397, Time: 00:00:42

Health: 20/20      AC:  2    Str:  8    XL:     2   Next: 0%
Magic:  5/5        EV: 12    Int: 16    God:
Gold:   24         SH:  0    Dex: 13    Spells: 4/5 levels left

rFire   . . .      SeeInvis .    k - +3 dagger
rCold   . . .      Faith    .    (no shield)
rNeg    . . .      Spirit   .    a - +0 robe
rPois   .          Reflect  .    (no helmet)
rElec   .          Harm     .    (no cloak)
rCorr   .          Rampage  .    (no gloves)
Will    .....                    (no boots)
Stlth   ++........               (no amulet)
HPRegen 0.23/turn                (no ring)
MPRegen 0.09/turn                (no ring)

@: no status effects
A: claws 1
a: no special abilities


You were on level 1 of the Dungeon.
You visited 1 branch of the dungeon, and saw 1 of its levels.

You collected 24 gold pieces.

Inventory:

Hand Weapons
 j - a +0 hand axe
 k - a +3 dagger (weapon)
Armour
 a - a +0 robe (worn)
 i - a +0 kite shield
Scrolls
 d - 2 scrolls of magic mapping {unknown}
 e - a scroll of teleportation {unknown}
 f - a scroll of enchant weapon {unknown}
 l - a scroll of identify {unknown}
Potions
 b - a potion of magic
 c - a potion of heal wounds {unknown}
 g - a potion of lignification {unknown}
 h - a potion of resistance {unknown}


   Skills:
 + Level 0.3 Fighting
 + Level 1.9 Dodging
 - Level 1.8 Stealth
 + Level 0.2 Shields
 + Level 2.1 Spellcasting
 + Level 1.2 Conjurations
 + Level 2.7 Fire Magic


You had 4 spell levels left.
You knew the following spells:

 Your Spells              Type           Power      Damage    Failure   Level
a - Foxfire               Conj/Fire      32%        2x1d5     9%          1

Your spell library contained the following spells:

 Spells                   Type           Power      Damage    Failure   Level
 Scorch                   Fire           20%        2d6       10%         2
 Inner Flame              Hex/Fire       6%         N/A       34%         3
 Kindle Blastsparks       Fire/Tloc/Air  8%         2d10      38%         3
 Flame Wave               Conj/Fire      8%         2d5       65%         4


Dungeon Overview and Level Annotations

Branches:
Dungeon (1/15)

Altars:


Innate Abilities, Weirdness & Mutations

You have sharp fingernails.


Message History

A goblin is nearby!
A goblin is nearby!
Casting: Foxfire (safe; 10% risk of failure)
Confirm with . or Enter, or press ? or * to list all spells.
You conjure some foxfire!
Unknown command.
Your foxfire dissipates!
The foxfire hits the goblin.
The goblin is heavily wounded.
Casting: Foxfire (safe; 10% risk of failure)
Confirm with . or Enter, or press ? or * to list all spells.
You conjure some foxfire!
The goblin closely misses you.
You closely miss the goblin.
The goblin is heavily wounded.
The foxfire hits the goblin.
You kill the goblin!
Your foxfire dissipates!
You see here a +3 dagger.
k - a +3 dagger
k - a +3 dagger (weapon)
l - a scroll labelled MUSOEL XAFE
Found a sling.
d - 2 scrolls labelled LAS ELULAATEY (gained 1)
A quokka comes into view.
A quokka is nearby!
A quokka is nearby!
Found a stone staircase leading down.
You hit the quokka.
The quokka is heavily wounded.
The quokka completely misses you. The quokka barely misses you.
You barely miss the quokka.
The quokka is heavily wounded.
The quokka barely misses you.
You hit the quokka.
You kill the quokka!
You have reached level 2!
You feel monstrous as your demonic heritage exerts itself.
Your demonic ancestry asserts itself...
Your fingernails lengthen.
Are you sure you want to abandon this character and quit the game? (Confirm with "yes".)

### #.# #.### ....
###########.####
#..........)#..
#+###.#########.#.# ##.
....#.#########.#.#.....
................@...>.#
....#.#########.#†#...#
....#.# #.#.# .# ....#.#
#.#.# ....#.# #.#.#
....#.# #.#.# ....#.#
#.#.# ....#.# .. ..
....#


There were no monsters in sight!

Vanquished Creatures
  A ball python (D:1)
  A giant cockroach (D:1)
  A goblin (D:1)
  2 hobgoblins (D:1)
  A quokka (D:1)
6 creatures vanquished.

Vanquished Creatures (others)
  14 foxfires (D:1)
14 creatures vanquished.

Grand Total: 20 creatures vanquished

Notes
Turn   | Place    | Note
-------+----------+-------------------------------------------
     0 | D:1      | AigisTheKnight the Demonspawn Fire Elementalist began the
                  | quest for the Orb.
     0 | D:1      | Reached XP level 1. HP: 13/13 MP: 3/3
   397 | D:1      | Discovered your monstrous ancestry.
   397 | D:1      | Gained mutation: You have sharp fingernails. [demonic
                  | ancestry]
   397 | D:1      | Reached XP level 2. HP: 20/20 MP: 5/5
   397 | D:1      | Quit the game

Illustrated notes

Levels and vault maps discovered:
D:1:      spicycebolla_arrival_ecumenical, layout_basic,
          minmay_misc_feat_encased, kennysheep_nondescript

Action                   || total
-------------------------++-------
Melee: Unarmed           ||    11
       Dagger            ||     3
       Hand axe          ||     1
 Cast: Foxfire           ||    12
 Stab: Sleeping          ||     1
Armor: Robe              ||     3
Dodge: Dodged            ||    12

Table legend: (Time is in decaauts)
 A = Elapsed time spent in this place.
 B = Non-inter-level travel time spent in this place.
 C = Inter-level travel time spent in this place.
 D = Time resting spent in this place.
 E = Time spent auto-exploring this place.
 F = Levels seen in this place.
 G = Mean time per level.
                   A        B        C        D        E       F      G
               +--------+--------+--------+--------+--------+-----+--------+
         Total |    396 |    386 |     10 |     29 |    279 |   1 |  396.0 |
       Dungeon |    396 |    386 |     10 |     29 |    279 |   1 |  396.0 |
               +--------+--------+--------+--------+--------+-----+--------+

Top non-repeatable levels by time:
     D:1: 396 daAuts
